[ AOE2 MATCH · #507078620 ]
UnrankedTeutons vs Japanese
Player's team · LOSS
[ REPLAY ANALYSIS · EXTRACTED FROM THE RECORDED GAME ]
Feudal
9:45
Castle
—
Imperial
—
| APM avg | 26.8 |
| APM peak | 50 |
| eAPM avg | 17.8 |
| Villagers / military | 56 / 0 |
Focus
⚔️ 23.0% · 🌾 77.0%
Feudal
10:10
Castle
—
Imperial
—
| APM avg | 54.3 |
| APM peak | 102 |
| eAPM avg | 18.7 |
| Villagers / military | 48 / 39 |
Focus
⚔️ 30.3% · 🌾 69.7%
Archer ×35 · Militia ×4
Match map
Initial resources + every placement click. Lines = walls · curves = elevation contours. ◆ gold · ⬟ stone · ● berries · ✦ relic · ◌ wall gap
Your base· Open — unwalled flank
CFGX | FCNancho's base· Open — unwalled flank
Smoothed initial terrain · ◌ = detected wall gap · hover for details
Inputs per minute
— Lord_calderon - - CFGX | FCNancho
Build order — Lord_calderon
126 actions detected in the replay
| 0:01 | Queue | Villager (Male) |
| 0:02 | Queue | Villager (Male) |
| 0:02 | Build | House |
| 0:04 | Build | House |
| 0:09 | Queue | Villager (Male) |
| 0:09 | Queue | Villager (Male) |
| 0:09 | Queue | Villager (Male) |
| 1:01 | Build | Mill |
| 1:32 | Queue | Villager (Male) |
| 2:02 | Queue | Villager (Male) |
| 2:32 | Queue | Villager (Male) |
| 2:32 | Queue | Villager (Male) |
| 2:48 | Queue | Villager (Male) |
| 2:48 | Queue | Villager (Male) |
| 3:20 | Build | House |
| 3:25 | Queue | Villager (Male) |
| 3:25 | Queue | Villager (Male) |
| 3:47 | Queue | Villager (Male) |
| 3:48 | Queue | Villager (Male) |
| 4:13 | Build | Lumber Camp |
| 4:22 | Queue | Villager (Male) |
| 5:02 | Queue | Villager (Male) |
| 5:12 | Queue | Villager (Male) |
| 5:46 | Queue | Villager (Male) |
| 5:48 | Queue | Villager (Male) |
| 5:52 | Build | House |
| 6:33 | Queue | Villager (Male) |
| 6:33 | Research | Loom |
| 7:08 | Research | Feudal Age |
| 8:07 | Build | Mining Camp |
| 9:00 | Build | Palisade Wall |
| 9:07 | Build | Palisade Wall |
| 9:10 | Build | Palisade Wall |
| 9:45 | Age | Feudal Age |
| 9:47 | Queue | Villager (Male) |
| 9:54 | Build | Watch Tower |
| 10:03 | Queue | Villager (Male) |
| 10:08 | Build | Blacksmith |
| 10:20 | Build | Watch Tower |
| 10:25 | Build | Palisade Wall |
| 10:28 | Build | Palisade Wall |
| 10:33 | Build | Palisade Wall |
| 10:34 | Build | Palisade Wall |
| 10:38 | Build | Palisade Wall |
| 10:41 | Build | Palisade Wall |
| 10:44 | Queue | Villager (Male) |
| 11:09 | Research | Fletching |
| 11:27 | Build | Watch Tower |
| 11:29 | Queue | Villager (Male) |
| 11:52 | Queue | Villager (Male) |
| 11:55 | Queue | Villager (Male) |
| 12:01 | Build | Palisade Wall |
| 12:29 | Queue | Villager (Male) |
| 12:40 | Build | Palisade Wall |
| 13:02 | Build | Watch Tower |
| 13:10 | Queue | Villager (Male) |
| 13:15 | Build | Farm |
| 13:16 | Build | Farm |
| 13:16 | Build | Farm |
| 13:16 | Build | Farm |
| 13:16 | Build | Farm |
| 13:17 | Build | Farm |
| 13:17 | Build | Farm |
| 13:18 | Queue | Villager (Male) |
| 13:42 | Build | House |
| 14:23 | Build | Watch Tower |
| 14:30 | Build | Farm |
| 14:30 | Build | Farm |
| 14:31 | Build | Farm |
| 14:31 | Build | Farm |
| 14:35 | Queue | Villager (Male) |
| 15:15 | Queue | Villager (Male) |
| 15:23 | Build | Watch Tower |
| 15:36 | Build | Watch Tower |
| 16:05 | Build | House |
| 16:06 | Build | House |
| 16:08 | Queue | Villager (Male) |
| 16:12 | Queue | Villager (Male) |
| 16:32 | Queue | Villager (Male) |
| 16:39 | Queue | Villager (Male) |
| 16:48 | Build | House |
| 16:56 | Build | Farm |
| 17:34 | Queue | Villager (Male) |
| 17:57 | Build | House |
| 17:58 | Queue | Villager (Male) |
| 18:12 | Queue | Villager (Male) |
| 18:18 | Build | Farm |
| 18:20 | Build | Farm |
| 18:37 | Build | House |
| 18:46 | Build | Watch Tower |
| 18:51 | Build | Farm |
| 19:15 | Queue | Villager (Male) |
| 19:19 | Build | Mining Camp |
| 19:28 | Queue | Villager (Male) |
| 19:28 | Queue | Villager (Male) |
| 19:40 | Build | Watch Tower |
| 19:41 | Queue | Villager (Male) |
| 19:58 | Build | Farm |
| 20:00 | Build | Farm |
| 20:02 | Research | Double-Bit Axe |
| 20:06 | Build | Farm |
| 20:22 | Queue | Villager (Male) |
| 20:50 | Queue | Villager (Male) |
| 21:06 | Build | Watch Tower |
| 21:14 | Queue | Villager (Male) |
| 21:42 | Queue | Villager (Male) |
| 21:56 | Queue | Villager (Male) |
| 22:05 | Build | Mill |
| 22:14 | Build | Watch Tower |
| 22:54 | Queue | Villager (Male) |
| 22:56 | Build | House |
| 23:06 | Build | House |
| 23:09 | Queue | Villager (Male) |
| 23:19 | Queue | Villager (Male) |
| 23:47 | Queue | Villager (Male) |
| 24:07 | Build | Watch Tower |
| 24:11 | Queue | Villager (Male) |
| 24:27 | Build | Watch Tower |
| 24:54 | Queue | Villager (Male) |
| 25:03 | Build | Outpost |
| 25:04 | Build | Farm |
| 25:34 | Build | Outpost |
| 25:34 | Build | Farm |
| 25:36 | Queue | Villager (Male) |
| 25:55 | Build | House |
| 26:03 | Queue | Villager (Male) |
Build order — CFGX | FCNancho
First 150 of 176 actions detected
| 0:01 | Queue | Villager (Male) |
| 0:01 | Queue | Villager (Male) |
| 0:01 | Queue | Villager (Male) |
| 0:02 | Build | House |
| 0:04 | Build | House |
| 0:09 | Queue | Villager (Male) |
| 0:09 | Queue | Villager (Male) |
| 1:31 | Queue | Villager (Male) |
| 1:31 | Queue | Villager (Male) |
| 2:00 | Queue | Villager (Male) |
| 2:14 | Queue | Villager (Male) |
| 2:30 | Build | Lumber Camp |
| 2:46 | Queue | Villager (Male) |
| 3:05 | Queue | Villager (Male) |
| 3:24 | Build | House |
| 3:25 | Build | House |
| 3:30 | Queue | Villager (Male) |
| 3:30 | Queue | Villager (Male) |
| 3:56 | Queue | Villager (Male) |
| 4:16 | Build | Mill |
| 4:26 | Queue | Villager (Male) |
| 4:29 | Queue | Villager (Male) |
| 4:29 | Queue | Villager (Male) |
| 4:50 | Build | Palisade Wall |
| 4:55 | Build | Palisade Wall |
| 4:55 | Build | Palisade Wall |
| 4:59 | Build | Palisade Wall |
| 5:11 | Queue | Villager (Male) |
| 5:28 | Queue | Villager (Male) |
| 5:40 | Queue | Villager (Male) |
| 5:57 | Queue | Villager (Male) |
| 6:46 | Build | Barracks |
| 6:50 | Queue | Villager (Male) |
| 7:12 | Research | Loom |
| 8:00 | Research | Feudal Age |
| 8:00 | Research | Feudal Age |
| 8:33 | Build | Lumber Camp |
| 8:42 | Queue | Militia |
| 8:42 | Queue | Militia |
| 8:43 | Queue | Militia |
| 8:47 | Build | Mining Camp |
| 9:13 | Queue | Militia |
| 9:34 | Queue | Villager (Male) |
| 10:10 | Age | Feudal Age |
| 10:12 | Build | Archery Range |
| 10:15 | Research | Man-at-Arms (upgrade) |
| 10:59 | Build | House |
| 11:02 | Build | Archery Range |
| 11:05 | Queue | Villager (Male) |
| 11:09 | Build | House |
| 11:13 | Queue | Villager (Male) |
| 11:23 | Queue | Archer |
| 11:24 | Queue | Archer |
| 11:33 | Build | House |
| 11:49 | Build | House |
| 11:51 | Queue | Archer |
| 11:51 | Queue | Archer |
| 11:52 | Queue | Villager (Male) |
| 11:57 | Build | House |
| 12:12 | Build | Blacksmith |
| 12:21 | Build | Blacksmith |
| 12:27 | Queue | Archer |
| 12:27 | Queue | Archer |
| 12:55 | Queue | Villager (Male) |
| 12:55 | Queue | Villager (Male) |
| 13:12 | Build | Market |
| 13:43 | Build | Farm |
| 13:51 | Build | House |
| 14:00 | Queue | Archer |
| 14:00 | Queue | Archer |
| 14:01 | Queue | Archer |
| 14:13 | Build | Farm |
| 15:06 | Build | Watch Tower |
| 15:09 | Queue | Villager (Male) |
| 15:12 | Queue | Archer |
| 15:15 | Build | Mining Camp |
| 15:18 | Build | Mining Camp |
| 15:23 | Build | Farm |
| 16:08 | Build | Farm |
| 16:27 | Queue | Villager (Male) |
| 16:28 | Queue | Villager (Male) |
| 17:08 | Build | Mining Camp |
| 17:12 | Queue | Villager (Male) |
| 17:15 | Build | Farm |
| 17:20 | Build | Mining Camp |
| 17:41 | Build | Stable |
| 17:43 | Build | Market |
| 18:21 | Queue | Villager (Male) |
| 18:42 | Queue | Villager (Male) |
| 18:49 | Research | Fletching |
| 18:51 | Research | Double-Bit Axe |
| 18:53 | Build | House |
| 18:54 | Build | House |
| 19:35 | Queue | Villager (Male) |
| 19:45 | Queue | Archer |
| 19:46 | Queue | Archer |
| 19:46 | Queue | Archer |
| 19:46 | Queue | Archer |
| 19:46 | Queue | Archer |
| 19:47 | Queue | Archer |
| 19:47 | Queue | Archer |
| 19:47 | Queue | Archer |
| 19:47 | Queue | Archer |
| 19:48 | Queue | Archer |
| 19:48 | Queue | Archer |
| 19:48 | Queue | Archer |
| 19:48 | Queue | Archer |
| 20:10 | Build | Watch Tower |
| 20:14 | Queue | Villager (Male) |
| 20:17 | Build | Farm |
| 20:22 | Build | Farm |
| 20:28 | Build | Farm |
| 20:32 | Build | Farm |
| 20:33 | Queue | Archer |
| 20:33 | Queue | Archer |
| 20:33 | Queue | Archer |
| 20:33 | Queue | Archer |
| 20:40 | Build | House |
| 21:00 | Build | Farm |
| 21:02 | Queue | Villager (Male) |
| 21:09 | Build | Palisade Wall |
| 21:10 | Build | Palisade Wall |
| 21:10 | Build | Palisade Wall |
| 21:11 | Build | Palisade Wall |
| 21:11 | Build | Palisade Wall |
| 21:51 | Queue | Villager (Male) |
| 21:54 | Build | Farm |
| 22:11 | Queue | Villager (Male) |
| 22:15 | Build | House |
| 22:15 | Build | House |
| 22:30 | Build | Watch Tower |
| 22:42 | Build | House |
| 22:44 | Queue | Villager (Male) |
| 22:49 | Build | Farm |
| 23:01 | Queue | Villager (Male) |
| 23:47 | Build | Farm |
| 23:51 | Queue | Villager (Male) |
| 24:07 | Build | Watch Tower |
| 24:10 | Queue | Archer |
| 24:10 | Queue | Archer |
| 24:11 | Queue | Archer |
| 24:11 | Queue | Archer |
| 24:24 | Queue | Villager (Male) |
| 24:27 | Build | Farm |
| 24:29 | Build | Farm |
| 24:31 | Queue | Villager (Male) |
| 24:31 | Queue | Villager (Male) |
| 24:46 | Build | House |
| 24:54 | Build | Farm |
| 25:23 | Build | Palisade Wall |
Match timeline
| 4:50 | CFGX | FCNancho · wall_segment Palisade Wall x1 |
| 4:55 | CFGX | FCNancho · wall_segment Palisade Wall x1 |
| 4:55 | CFGX | FCNancho · wall_segment Palisade Wall x1 |
| 4:59 | CFGX | FCNancho · wall_segment Palisade Wall x1 |
| 6:46 | CFGX | FCNancho · first_building Barracks |
| 9:00 | Lord_calderon · wall_segment Palisade Wall x3 |
| 9:07 | Lord_calderon · wall_segment Palisade Wall x1 |
| 9:10 | Lord_calderon · wall_segment Palisade Wall x1 |
| 9:45 | Lord_calderon · age_up feudal |
| 10:10 | CFGX | FCNancho · age_up feudal |
| 10:12 | CFGX | FCNancho · first_building Archery Range |
| 10:25 | Lord_calderon · wall_segment Palisade Wall x1 |
| 10:28 | Lord_calderon · wall_segment Palisade Wall x1 |
| 10:33 | Lord_calderon · wall_segment Palisade Wall x1 |
| 10:34 | Lord_calderon · wall_segment Palisade Wall x1 |
| 10:38 | Lord_calderon · wall_segment Palisade Wall x1 |
| 10:41 | Lord_calderon · wall_segment Palisade Wall x1 |
| 12:01 | Lord_calderon · wall_segment Palisade Wall x1 |
| 12:40 | Lord_calderon · wall_segment Palisade Wall x1 |
| 17:41 | CFGX | FCNancho · first_building Stable |
| 18:47 | CFGX | FCNancho · first_market_buy 100 food |
| 21:09 | CFGX | FCNancho · wall_segment Palisade Wall x2 |
| 21:10 | CFGX | FCNancho · wall_segment Palisade Wall x1 |
| 21:10 | CFGX | FCNancho · wall_segment Palisade Wall x1 |
| 21:11 | CFGX | FCNancho · wall_segment Palisade Wall x1 |
| 21:11 | CFGX | FCNancho · wall_segment Palisade Wall x1 |
| 25:23 | CFGX | FCNancho · wall_segment Palisade Wall x1 |
| 25:23 | CFGX | FCNancho · wall_segment Palisade Wall x1 |
| 25:24 | CFGX | FCNancho · wall_segment Palisade Wall x1 |
| 25:25 | CFGX | FCNancho · wall_segment Palisade Wall x1 |
| 25:25 | CFGX | FCNancho · wall_segment Palisade Wall x1 |
| 25:25 | CFGX | FCNancho · wall_segment Palisade Wall x1 |
| 25:26 | CFGX | FCNancho · wall_segment Palisade Wall x1 |
| 25:26 | CFGX | FCNancho · wall_segment Palisade Wall x1 |
| 26:26 | CFGX | FCNancho · first_market_sell 100 wood |
| 27:38 | CFGX | FCNancho · wall_segment Palisade Wall x1 |
| 27:39 | CFGX | FCNancho · wall_segment Palisade Wall x1 |
| 27:39 | CFGX | FCNancho · wall_segment Palisade Wall x1 |
| 27:40 | CFGX | FCNancho · wall_segment Palisade Wall x1 |
| 28:03 | Lord_calderon · resign |
[ AI ANALYSIS · 1 CREDIT ]
What really happened in this match?
Wolo.gg analyzes every decision: build order, eco, micro, common mistakes by bracket. Personalized analysis on WhatsApp or Discord in 30 seconds.
Civ guide
Teutons
Perfil
Jugador #2723392